 Dungeon Crawl Stone Soup version 0.28-a0-1567-g1695149f81 (webtiles) character file.

Game seed: 9527814199630091470

539 comborobin the Ducker (level 7, -3/46 HPs)
             Began as an Octopode Cinder Acolyte on Jan 20, 2022.
             Was an Elder of Ignis.
             Splashed by a jelly's acid (12 damage)
             ... on level 5 of the Dungeon.
             The game lasted 00:02:36 (4003 turns).

comborobin the Ducker (Octopode Cinder Acolyte)     Turns: 4003, Time: 00:02:37

Health: -3/46      AC: -3    Str: 14    XL:     7   Next: 26%
Magic:  8/8        EV: 15    Int: 16    God:    Ignis [****..]
Gold:   107        SH:  0    Dex:  9    Spells: 6/8 levels left

rFire   + + .      SeeInvis .   b - +1 short sword (elec)
rCold   + . .      Faith    .   (no shield)
rNeg    . . .      Spirit   .   (helmet restricted)
rPois   .          Reflect  .   (no amulet)
rElec   .          Harm     .   n - ring of protection from fire
rCorr   .          Rampage  .   p - ring of protection from cold
Will    .....                   (no ring)
Stlth   ++........              (no ring)
HPRegen 0.15/turn               (no ring)
MPRegen 0.11/turn               (no ring)
                                (no ring)
                                (no ring)

@: corroded
A: almost no armour, amphibious, 8 rings, camouflage 1, gelatinous body 1,
(nimble swimmer 1), tentacles
a: Renounce Religion, Fiery Armour, Foxfire Swarm, Rising Flame


You were on level 5 of the Dungeon.
You worshipped Ignis.
Ignis was greatly pleased with you.
You visited 1 branch of the dungeon, and saw 5 of its levels.
You also visited: Sewer.

You collected 107 gold pieces.

Inventory:

Hand Weapons
 b - a +1 short sword of electrocution (weapon)
Missiles
 h - 5 curare-tipped darts (quivered)
Jewellery
 n - a ring of protection from fire (left tentacle)
 p - a ring of protection from cold (right tentacle)
 r - an amulet of guardian spirit
Wands
 g - a wand of flame (9)
Scrolls
 c - a scroll of noise {unknown}
 d - a scroll of silence
 f - 2 scrolls of identify
 j - 2 scrolls of enchant weapon {unknown}
 o - 2 scrolls of teleportation {unknown}
 q - a scroll of fear
 s - 3 scrolls of brand weapon
Potions
 a - a potion of flight
 e - 2 potions of attraction {unknown}
 i - a potion of mutation {unknown}
 k - a potion of brilliance {unknown}
 l - a potion of might {unknown}
 m - a potion of lignification {unknown}


   Skills:
 - Level 3.0 Fighting
 + Level 7.4 Dodging
 - Level 3.0 Unarmed Combat
 - Level 1.0 Spellcasting
 - Level 3.0 Fire Magic


You had 6 spell levels left.
You knew the following spells:

 Your Spells              Type           Power      Damage    Failure   Level
a - Scorch                Fire           20%        2d6       10%         2

Your spell library contained the following spells:

 Spells                   Type           Power      Damage    Failure   Level


Dungeon Overview and Level Annotations

Branches:
Dungeon (5/15)              Sewer (visited)
 Temple: D:4-7

Altars:
Makhleb


Innate Abilities, Weirdness & Mutations

You cannot wear most types of armour.
You are amphibious.
You can wear up to eight rings at the same time.
Your skin changes colour to match your surroundings (Stealth+).
Your rubbery body absorbs attacks. (AC +1, EV +1)
((You are camouflaged when in or above water. (Stealth+)))
You have tentacles for arms and can constrict up to eight enemies at once.


Message History

Done exploring.
No target in view!
Done exploring.
Done exploring.
(D) Dungeon
Where to? (Enter - D:4 @ (x,y), ? - help)
You see here a +0 scale mail.
There is a stone staircase leading down here.
You climb downwards.
Found a shiny bronze wand.
There is a stone staircase leading up here.
There are monsters nearby!
There are monsters nearby!
There are monsters nearby!
There are monsters nearby!
The centaur skeleton closely misses you. x2
The centaur skeleton completely misses you.
The centaur skeleton barely misses you.
You hit the centaur skeleton.
Lightning courses through the centaur skeleton!!
You squeeze the centaur skeleton.
You destroy the centaur skeleton!
The helpless jelly fails to defend itself.
You hit the jelly.
Your tentacles burn!
The jelly is lightly wounded.
The jelly hits you.
You are splashed with acid!
You puncture the jelly!
Your tentacles burn!
The jelly is heavily wounded.
The jelly hits you.
You are splashed with acid!
You hit the jelly.
Your tentacles burn!
* * * LOW HITPOINT WARNING * * *
Your squeeze misses the jelly.
The jelly is almost dead.
The jelly closely misses you.
You barely miss the jelly.
The jelly is almost dead.
The jelly hits you.
* * * LOW HITPOINT WARNING * * *
The acid corrodes you!
You are splashed with acid!
You die...

##.......
#.......#
#.......#
#.......#
##.......#
......... ####
#J.......
.....##@.......#
...............#
####.##.####....
...............
..##.##.##.....
# # #.##.##..#
#.<../...#
#........#
#..####..#


You could see a jelly.

Vanquished Creatures
  A water moccasin (Sewer)
  A scorpion (D:4)
  A hound (D:4)
  Crazy Yiuf (D:4)
  A centaur skeleton (D:5)
  2 iguanas (D:4)
  Jessica (D:2)
  Ijyb (D:4)
  An orc wizard (D:4)
  2 river rats (D:4)
  5 adders
  An adder skeleton (D:4)
  4 worms
  4 dart slugs
  6 orcs
  9 ball pythons
  4 endoplasms
  3 giant cockroaches
  4 goblins
  7 hobgoblins
  A jackal (Sewer)
  3 quokkas
  4 bats
  7 kobolds
  4 rats
78 creatures vanquished.

Vanquished Creatures (others)
  7 foxfires (D:3)
  3 plants (D:1)
10 creatures vanquished.

Grand Total: 88 creatures vanquished

Notes
Turn   | Place    | Note
-------+----------+-------------------------------------------
     0 | D:1      | comborobin the Octopode Cinder Acolyte began the quest for
                  | the Orb.
     0 | D:1      | Reached XP level 1. HP: 16/16 MP: 2/2
    37 | D:1      | Reached skill level 1 in Dodging
   261 | D:2      | Reached XP level 2. HP: 17/21 MP: 3/3
   319 | D:2      | Noticed Jessica
   325 | D:2      | Killed Jessica
   326 | D:2      | Reached skill level 2 in Dodging
   326 | D:2      | Reached XP level 3. HP: 20/26 MP: 4/4
   446 | D:2      | Reached skill level 3 in Dodging
   770 | D:2      | Reached XP level 4. HP: 27/31 MP: 5/5
   942 | D:3      | Learned a level 2 spell: Scorch
  1373 | D:3      | Reached skill level 4 in Dodging
  1731 | D:3      | Reached XP level 5. HP: 36/36 MP: 6/6
  1862 | D:4      | Reached skill level 5 in Dodging
  2073 | D:4      | Noticed Ijyb
  2084 | D:4      | Killed Ijyb
  2112 | D:4      | Reached XP level 6. HP: 25/42 MP: 7/7
  2293 | D:4      | Found a glowing drain.
  2328 | Sewer    | Entered a sewer
  2579 | Sewer    | Noticed a water moccasin
  2587 | Sewer    | Killed a water moccasin
  2588 | Sewer    | Reached skill level 6 in Dodging
  2923 | D:4      | Found a runed translucent door.
  2924 | D:4      | Noticed Crazy Yiuf
  2933 | D:4      | Killed Crazy Yiuf
  3099 | D:4      | Found a burning altar of Makhleb.
  3100 | D:4      | Noticed a green death
  3140 | D:4      | Reached XP level 7. HP: 42/46 MP: 8/8
  3235 | D:4      | Reached skill level 7 in Dodging
  3992 | D:5      | Entered Level 5 of the Dungeon
  4003 | D:5      | Splashed by a jelly's acid

Illustrated notes

Levels and vault maps discovered:
D:1:      dpeg_arrival_rooms_with_view, layout_basic, serial_forest,
          infiniplex_forest_lined_room_3, infiniplex_forest_straight_4,
          infiniplex_forest_clump_double, infiniplex_forest_straight_3,
          infiniplex_forest_clump_small, infiniplex_forest_end_2,
          infiniplex_forest_straight_4, chequers_ecumenical_altar_twisty
D:2:      layout_loops_cross, uniq_jessica
D:3:      layout_loops_ring, fountainhead, minmay_fractal_squares_5
D:4:      layout_layer_cave, makhleb_altar_promises_db, portal_sewer_entry_e,
          uniq_ijyb, uniq_crazy_yiuf_cottage
D:5:      layout_basic, minmay_temple_entry_hall, serial_shops, shop

Skill      XL: |  1  2  3  4  5  6  7 |
---------------+----------------------+-----
Dodging        | 1 2 3 4 5 6 7 |  7.4
Fighting       | |  3.0
Unarmed Combat | |  3.0
Spellcasting   | |  1.0
Fire Magic     | |  3.0

Action                   |  1- 3 |  4- 6 |  7- 9 || total
-------------------------+-------+-------+-------++-------
Melee: Unarmed           |    27 |       |       ||    27
       Constrict         |    11 |    19 |     5 ||    35
       Tentacles         |     8 |    17 |    11 ||    36
       Short sword       |    10 |    96 |    23 ||   129
       Punch             |       |     3 |       ||     3
Invok: Fiery Armour      |       |     3 |       ||     3
       Foxfire Swarm     |       |     1 |       ||     1
  Use: Scroll            |     2 |     3 |       ||     5
       Potion            |       |     4 |       ||     4
 Stab: Sleeping          |     2 |     4 |     1 ||     7
Armor: Skin              |     3 |    13 |     2 ||    18
Dodge: Dodged            |    13 |    95 |    11 ||   119

Table legend: (Time is in decaauts)
 A = Elapsed time spent in this place.
 B = Non-inter-level travel time spent in this place.
 C = Inter-level travel time spent in this place.
 D = Time resting spent in this place.
 E = Time spent auto-exploring this place.
 F = Levels seen in this place.
 G = Mean time per level.
                   A        B        C        D        E       F      G
               +--------+--------+--------+--------+--------+-----+--------+
         Total |   4012 |   3920 |     92 |    289 |   3089 |   6 |  668.7 |
       Dungeon |   3466 |   3374 |     92 |    149 |   2722 |   5 |  693.2 |
         Sewer |    545 |    545 |      0 |    140 |    367 |   1 |  545.0 |
               +--------+--------+--------+--------+--------+-----+--------+

Top non-repeatable levels by time:
     D:4: 1681 daAuts
     D:3: 927 daAuts
     D:2: 619 daAuts
   Sewer: 545 daAuts
     D:1: 226 daAuts
     D:5: 11 daAuts
